 Dungeon Crawl Stone Soup version 0.17.1-1-g73c8601 (webtiles) character file.

2229 jolm the Covert (level 9, 0/44 HPs)
             Began as a Spriggan Assassin on Dec 30, 2015.
             Was a Believer of Dithmenos.
             Shot with a sling bullet by Joseph (16 damage)
             ... on level 7 of the Dungeon.
             The game lasted 00:26:03 (5875 turns).

jolm the Covert (Spriggan Assassin)                 Turns: 5875, Time: 00:26:03

Health: 0/44       AC:  4    Str:  8    XL:     9   Next: 14%
Magic:  10/10      EV: 26    Int: 12    God:    Dithmenos [**....]
Gold:   164        SH:  0    Dex: 20    Spells: 0 memorised, 8 levels left

rFire  . . .     SeeInvis +     b - +0 blowgun
rCold  . . .     Clarity  .     c - +0 robe
rNeg   . . .     SustAt   .     (shield restricted)
rPois  +         Gourm    .     (helmet restricted)
rElec  .         Spirit   .     u - +1 cloak {rPois}
rCorr  .         Warding  .     (gloves unavailable)
rMut   .         Stasis   .     (boots unavailable)
MR     +....                    (no amulet)
Stlth  +++++++++.               (no ring)
                                (no ring)

@: wreathed by umbra, very quick, somewhat resistant to hostile enchantments,
incredibly stealthy
A: unfitting armour, see invisible, herbivore 3, speed 3, slow metabolism 2
a: Shadow Step, Renounce Religion


You were on level 7 of the Dungeon.
You worshipped Dithmenos.
Dithmenos was pleased with you.
You were not hungry.

You visited 1 branch of the dungeon, and saw 7 of its levels.

You collected 312 gold pieces.
You spent 148 gold pieces at shops.

Inventory:

Hand Weapons
 a - a +3 dagger
 b - a +0 blowgun (weapon)
 j - a +2 flail of protection
 s - a +4 short sword
 z - a +0 rapier of freezing
 A - a +0 trident of pain
Missiles
 e - 29 poisoned needles (quivered)
 f - 5 curare-tipped needles
 p - 2 sling bullets of frost
 r - 16 steel sling bullets
Armour
 c - a +0 robe (worn)
 d - a +0 cloak
 q - the +3 helmet of Awe {rCorr Int+4 Dex+2, unknown}
   (You found it on level 5 of the Dungeon)

   It affects your intelligence (+4).
   It affects your dexterity (+2).
   It protects you from acid and corrosion.
 u - a +1 cloak of poison resistance (worn)
Jewellery
 i - an uncursed ring of flight
Wands
 C - a wand of polymorph (15)
Scrolls
 h - 5 scrolls of identify
 l - a scroll of amnesia
 v - a scroll of remove curse {unknown}
 w - a scroll of recharging {unknown}
 y - a scroll of noise {unknown}
 D - a scroll of torment {unknown}
Potions
 k - a potion of cancellation {unknown}
 m - 2 potions of magic {unknown}
 n - 2 potions of degeneration {unknown}
 o - 3 potions of brilliance {unknown}
 t - a potion of mutation {unknown}
 x - 2 potions of lignification {unknown}
 B - 2 potions of curing {unknown}
Comestibles
 g - 3 bread rations


   Skills:
 + Level 3.5 Fighting
 + Level 4.9 Short Blades
 + Level 3.8 Throwing
 + Level 8.7 Dodging
 + Level 13.4 Stealth


You had 8 spell levels left.
You didn't know any spells.

Dungeon Overview and Level Annotations

Branches:
Dungeon (7/15)             Temple (0/1) D:6

Altars:
Dithmenos
Elyvilon
Okawaru
Ru
Sif Muna
Vehumet
Xom
The Shining One

Shops:
D:5 [

Annotations:
D:3 MostlySquishy's ghost, amateur FoFi
D:7 Joseph


Innate Abilities, Weirdness & Mutations

You are tiny and cannot use many weapons and most armour.
You have supernaturally acute eyesight.
You are a herbivore.
You cover ground extremely quickly.
You need consume almost no food.


Message History

Things that are here:
a sling bullet; a poisoned needle
Items here: )) [ †† a flail; a leather armour; a dagger; an orc corpse; an orc corpse Firing (i - inventory. (,) - cycle):
e - 31 poisoned needles (quivered)
Press: ? - help, Shift-Dir - straight line, f - Joseph
Aim: Joseph, wielding a hunting sling, wearing a leather armour and carrying a wand of fire {zapped: 7} (heavily wounded, umbra)
You shoot a poisoned needle. The poisoned needle hits Joseph!
Joseph is poisoned.
Joseph is heavily wounded.
Joseph zaps a wand.
Nothing appears to happen.
Joseph shoots a sling bullet.
The sling bullet closely misses you.
Firing (i - inventory. (,) - cycle):
e - 30 poisoned needles (quivered)
Press: ? - help, Shift-Dir - straight line, f/p - Joseph
Aim: Joseph, wielding a hunting sling, wearing a leather armour and carrying a wand of fire {empty} (heavily wounded, poisoned, umbra)
You shoot a poisoned needle. The poisoned needle hits Joseph!
Joseph looks even sicker.
Joseph is heavily wounded.
Joseph shoots a sling bullet.
The sling bullet hits you!
You die...

#.......####.#.........#. ##
#.......##...............# #
#......#...#.#............#
#.#....#.#...#..........#...
#.##.......###..........a###
#....#..#########...####...
#....#.#####(......## ##.#
##......###...####.###### ..
#(.....).().@.(...(..y(.#..
#(....###..(......(.#.cy...
###.....###....).....(.......
#.......[.@.........#._.#....
#..........####.#.#...)......
#.......(..# #........#......
#.......<....................
#.............####....#..#...
#..>.......#.## ...[........


You could see Joseph.

Vanquished Creatures
  Eustachio (D:6)
  Edmund (D:6)
  A black bear (D:7)
  4 ogres
  An ice beast (D:5)
  2 phantoms (D:5)
  2 centaurs
  6 giant frogs
  A scorpion (D:6)
  4 killer bees
  A crimson imp (D:7)
  A gnoll shaman (D:6)
  4 hounds
  An iguana (D:5)
  5 worker ants
  A hound skeleton (D:7)
  3 gnolls (D:6)
  6 adders
  2 adder skeletons
  A worm (D:3)
  4 giant geckos
  13 orcs
  7 goblins
  9 hobgoblins
  6 jackals
  2 ball pythons
  3 bats
  10 giant cockroaches
  8 giant newts
  5 kobolds
  A quokka (D:6)
  A quokka skeleton (D:5)
  A quokka zombie (D:5)
  8 rats
126 creatures vanquished.

Vanquished Creatures (others)
  An orc (D:7)
1 creature vanquished.

Grand Total: 127 creatures vanquished

Notes
Turn   | Place    | Note
--------------------------------------------------------------
     0 | D:1      | jolm the Spriggan Assassin began the quest for the Orb.
     0 | D:1      | Reached XP level 1. HP: 10/10 MP: 2/2
    30 | D:1      | Reached skill level 6 in Stealth
   298 | D:1      | Reached XP level 2. HP: 14/14 MP: 3/3
   630 | D:2      | Found an iron altar of Okawaru.
   781 | D:2      | Reached skill level 7 in Stealth
   900 | D:2      | Found a shadowy altar of Dithmenos.
   915 | D:2      | Reached XP level 3. HP: 18/18 MP: 4/4
  1169 | D:2      | Became a worshipper of Dithmenos the Shadowed
  1639 | D:3      | Reached skill level 8 in Stealth
  1639 | D:3      | Reached XP level 4. HP: 7/23 MP: 5/5
  1647 | D:3      | Noticed MostlySquishy's ghost (amateur FoFi)
  2526 | D:4      | Reached * piety under Dithmenos
  2526 | D:4      | Reached XP level 5. HP: 26/26 MP: 6/6
  2691 | D:4      | Noticed an ogre
  2694 | D:4      | Killed an ogre
  2694 | D:4      | Reached skill level 9 in Stealth
  2765 | D:4      | Reached XP level 6. HP: 30/30 MP: 7/7
  2839 | D:4      | Noticed an ogre
  2928 | D:4      | Killed an ogre
  2928 | D:4      | Reached skill level 10 in Stealth
  3682 | D:5      | Entered Level 5 of the Dungeon
  3844 | D:5      | Reached skill level 5 in Dodging
  3844 | D:5      | Reached XP level 7. HP: 35/35 MP: 8/8
  3864 | D:5      | Found a white marble altar of Elyvilon.
  3948 | D:5      | Reached skill level 11 in Stealth
  4332 | D:5      | Found Innasena's Armour Emporium.
  4341 | D:5      | Got an ancient helmet
  4355 | D:5      | Bought a +1 cloak of poison resistance for 148 gold pieces
  4432 | D:5      | Reached ** piety under Dithmenos
  4609 | D:6      | Reached XP level 8. HP: 39/39 MP: 9/9
  4622 | D:6      | Noticed Edmund
  4639 | D:6      | Killed Edmund
  4769 | D:6      | Noticed Eustachio
  4779 | D:6      | Killed Eustachio
  4779 | D:6      | Reached skill level 12 in Stealth
  5080 | D:6      | Found a staircase to the Ecumenical Temple.
  5203 | D:7      | Reached skill level 13 in Stealth
  5332 | D:7      | Found a radiant altar of Vehumet.
  5664 | D:6      | Reached XP level 9. HP: 44/44 MP: 10/10
  5712 | D:7      | Noticed Joseph
  5772 | D:7      | Found a deep blue altar of Sif Muna.
  5772 | D:7      | Found a glowing golden altar of the Shining One.
  5773 | D:7      | Found a sacrificial altar of Ru.
  5775 | D:7      | Found a shimmering altar of Xom.
  5776 | D:7      | Found a white marble altar of Elyvilon.
  5875 | D:7      | Shot with a sling bullet by Joseph

Action                   |  1- 3 |  4- 6 |  7- 9 || total
-------------------------+-------+-------+-------++-------
Melee: Dagger            |    84 |    86 |       ||   170
       Short sword       |       |    10 |   220 ||   230
 Fire: Blowgun           |     1 |    26 |    20 ||    47
  Use: Scroll            |     1 |    10 |     2 ||    13
       Potion            |       |       |     1 ||     1
 Stab: Sleeping          |    14 |    18 |    20 ||    52
       Distracted        |     1 |     3 |     2 ||     6
  Eat: Bread ration      |       |       |     1 ||     1
